Cogmind - Beta 16 @@@ ROGUE MODE // 2025.12.30 @ 23:34:26 Player: Xcalibur Result: Destroyed by Combat Programmer with EMDS Performance ------------- Evolutions (9) 4500 Regions Visited (20) 4000 Robots Destroyed (383) 1915 Value Destroyed (19216) 19216 Prototype IDs (30) 600 Alien Tech Used (0) 0 Bonus (8813) 8813 TOTAL SCORE: 39044 Bonus ------- High Alert Combat Kills 1880 Follower Combat Kills 2233 Entered Garrisons 400 Used RIF Installer 1000 Network Hubs Disabled 200 Built Enhanced Grunts 300 A7 Reached Mainframe 300 Met R17 at Cetus 500 Met R17 at Research 2000 Cogmind --------- Core Integrity 0/1600 Matter 119/300 Energy 100/100 System Corruption 42% Temperature Cool (0) Movement Flying (20) Location -1/Command Parts ------- > --- POWER (1) -------- (None) > --- PROPULSION (6) --- Experimental Q-thruster (fused) > --- UTILITY (14) ----- Advanced Target Analyzer Advanced Target Analyzer > --- WEAPON (4) ------- (None) > --- INVENTORY (5) ---- Light Quantum Reactor Advanced Heavy Siege Treads Force Lance Peak State ------------ > --- POWER ------------ Reinforced Quantum Reactor > --- PROPULSION ------- Improved Heavy Siege Treads Improved Heavy Siege Treads Biometal Heavy Treads > --- UTILITY ---------- Advanced Cryofiber Web Advanced Heat Sink Experimental Heat Sink Huge Storage Unit Advanced Targeting Computer Advanced Target Analyzer Experimental Weapon Cycler Superdense Plating Graphene Brace Relay Coupler [Sentry] Relay Coupler [Specialist] > --- WEAPON ----------- Enhanced Quantum Rifle Enhanced Nova Cannon Railgun Enhanced Hardcell Cannon > --- INVENTORY -------- Quantum Reactor Armored Medium Treads Energy Well High-capacity Matter Pod Long-range Sensor Array Advanced Signal Interpreter Seismic Detector Improved Transmission Jammer Heavy Armor Plating Advanced Thermal Shield Relay Coupler [Swarmer] Compact HERF Cannon Improved Matter Neutralizer Enhanced Nova Cannon Helical Railgun Enhanced Hardcell Cannon Fusion Bomb Launcher Fusion Bomb Launcher Advanced Remote Datajack Improved Plasma Cutter PL-3XN's Ring of Power PL-3XN's Ring of Power Disassembled Obliterator [Rating: 194] Favorites ----------- Power Cooled Fission Core Engine Cooled Ion Engine Power Core Cooled Fission Core Reactor Reinforced Quantum Reactor Propulsion Improved Heavy Treads Treads Improved Heavy Treads Leg Aluminum Leg Wheel Compact Wheel Hover Unit Improved Antigrav System Flight Unit Experimental Q-thruster Utility Huge Storage Unit Device Graphene Brace Storage Huge Storage Unit Processor Improved Targeting Computer Hackware Relay Coupler [NC] Protection Hardened Heavy Armor Plating Weapon Cooled Plasma Cannon Energy Gun Beam Rifle Energy Cannon Cooled Plasma Cannon Ballistic Gun Railgun Ballistic Cannon Enhanced Hardcell Cannon Launcher Fusion Bomb Launcher Special Weapon Remote Datajack Impact Weapon Flail Slashing Weapon Power Sword Piercing Weapon Force Lance Special Melee Weapon Datajack Build | -11 -10 -9 -9 -9 -9 -9 -6 -6 -6 -5 -5 -5 -5 -5 -4 -3 -3 -2 -1 -1 ------- Run | Yrd Mat Mat Sto Gar Rec Scr Fac Gar Fac Fac Ext Cet Arc Hub Fac Res Arm Res Acc Com Slots Evolved 18 | . . 2 . . . . 6 . . 2 . . . . 2 2 . 2 2 . Power . | . . . . . . . . . . . . . . . . . . . . . Propulsion 4 | . . . . . . . 1 . . 1 . . . . . 1 . 1 . . Utility 12 | . . 1 . . . . 5 . . 1 . . . . 2 . . 1 2 . Weapon 2 | . . 1 . . . . . . . . . . . . . 1 . . . . Parts Attached 282 | 7 5 9 4 4 4 2 6 6 64 7 13 8 . 15 9 9 54 7 32 17 Power 22 | 1 . 1 . . . 1 . . 6 . . 1 . . . 1 3 . 5 3 Engine 3 | 1 . 1 . . . 1 . . . . . . . . . . . . . . Core 6 | . . . . . . . . . 6 . . . . . . . . . . . Reactor 13 | . . . . . . . . . . . . 1 . . . 1 3 . 5 3 Propulsion 62 | 2 4 2 1 2 . 1 1 . 19 . 6 1 . 2 1 1 7 1 7 4 Treads 32 | . 2 1 1 1 . 1 . . 4 . 3 1 . 2 . 1 5 1 7 2 Leg 4 | 2 . . . . . . . . 1 . . . . . . . 1 . . . Wheel 20 | . 2 1 . 1 . . 1 . 12 . 2 . . . . . . . . 1 Hover 1 | . . . . . . . . . . . . . . . . . 1 . . . Flight 5 | . . . . . . . . . 2 . 1 . . . 1 . . . . 1 Utility 123 | 2 1 3 . 1 2 . 4 3 21 5 4 4 . 10 7 6 28 2 15 5 Device 48 | 1 . 1 . . . . 1 2 8 3 2 1 . 3 4 2 10 2 5 3 Storage 8 | 1 1 . . . . . . . 3 . . . . . . . 3 . . . Processor 16 | . . 1 . . 1 . 1 . 1 . . . . 1 2 . 4 . 4 1 Hackware 17 | . . . . . . . 1 1 5 2 . . . 2 1 . 3 . 2 . Protection 34 | . . 1 . 1 1 . 1 . 4 . 2 3 . 4 . 4 8 . 4 1 Artifact . | . . . . . . . . . . . . . . . . . . . . . Weapon 75 | 2 . 3 3 1 2 . 1 3 18 2 3 2 . 3 1 1 16 4 5 5 Energy Gun 20 | 1 . 3 1 1 1 . 1 1 4 . . 1 . 1 . . 5 . . . Energy Cannon 13 | . . . . . . . . 1 5 . 1 . . . 1 . 1 . 2 2 Ballistic Gun 15 | 1 . . . . . . . 1 2 . 1 1 . . . 1 5 1 . 2 Ballistic Cannon 10 | . . . 1 . . . . . 1 . . . . 1 . . 3 2 1 1 Launcher 6 | . . . . . . . . . 2 2 . . . . . . 1 1 . . Special Weapon 5 | . . . . . . . . . 1 . 1 . . 1 . . 1 . 1 . Impact Weapon 1 | . . . 1 . . . . . . . . . . . . . . . . . Slashing Weapon 2 | . . . . . . . . . 2 . . . . . . . . . . . Piercing Weapon 1 | . . . . . . . . . . . . . . . . . . . 1 . Special Melee Weapon 2 | . . . . . 1 . . . 1 . . . . . . . . . . . Unidentified Prototypes 18 | . . 2 1 . . . . . 9 . . 4 . . . . . . 1 1 Corrupted Parts 7 | . . . . . . . . . 5 . . 1 . 1 . . . . . . System Corruption 35 | . . . . . . . . . 24 . . 9 . 2 . . . . . . Parts Lost 99 | . . . 1 3 1 . . 4 13 1 5 2 . 1 2 . 18 . 12 36 Power 6 | . . . . . . . . . 1 . . . . . . . . . 3 2 Propulsion 24 | . . . . 2 . . . . 6 . 3 1 . . . . 3 . 1 8 Utility 47 | . . . 1 . . . . 2 5 1 2 1 . 1 2 . 9 . 7 16 Weapon 22 | . . . . 1 1 . . 2 1 . . . . . . . 6 . 1 10 Highest Loss Streak 15 | . . . 1 2 1 . . 2 4 1 2 2 . 1 2 . 7 . 3 15 To Critical Strikes . | . . . . . . . . . . . . . . . . . . . . . Average Backups 19 | 4 9 14 14 14 15 14 13 14 20 22 22 23 22 22 23 23 20 19 19 15 Power 1 | . 1 2 2 2 2 1 1 1 . 1 1 1 1 1 1 1 1 1 1 1 Propulsion 3 | 3 3 1 2 3 2 2 2 3 5 6 6 5 4 2 2 1 1 2 1 1 Utility 6 | . 1 2 3 4 6 6 5 4 7 7 6 6 7 9 9 10 6 6 5 2 Weapon 7 | . 4 7 5 4 4 4 4 5 6 5 6 8 7 7 8 8 8 8 9 7 Tool/Special . | . . . . . . . . . . . . . . . . . . . . . Unused Backups 73 | . 1 10 2 1 2 6 1 1 14 1 1 2 1 2 4 3 9 . 3 9 Power 11 | . . 3 . 1 . . . . 1 . . 1 . . . 1 3 . . 1 Propulsion 12 | . 1 3 . . . . . . 3 . . 1 1 1 . 1 . . . 1 Utility 22 | . . . 1 . . 3 1 1 5 . . . . . 2 1 2 . 1 5 Weapon 27 | . . 4 1 . 2 3 . . 4 1 1 . . 1 2 . 4 . 2 2 Tool/Special 1 | . . . . . . . . . 1 . . . . . . . . . . . Average Slot Usage (%) 87 | . 99 95 98 98 99 100 80 88 90 87 89 91 94 91 88 85 79 72 80 60 Engine 2 | . 14 11 11 11 11 11 6 5 . . . . . . . . . . . . Core 2 | . . . . . . . . . 5 5 5 4 5 5 5 2 . . . . Reactor 1 | . . . . . . . . . . . . . . . . 1 3 4 3 2 Treads 9 | . 12 13 10 17 11 11 1 2 4 5 6 11 17 16 10 14 12 12 12 8 Wheel 6 | . 11 8 11 3 11 11 10 10 12 11 10 9 . . . . . . . . Device 12 | . 14 4 5 . 1 3 8 9 9 4 8 11 11 10 19 18 16 20 24 18 Storage 6 | . 14 11 11 11 11 11 6 6 6 5 5 5 5 5 5 4 4 4 4 2 Processor 11 | . . 10 11 11 11 11 12 13 11 11 11 11 11 13 15 14 11 4 9 13 Hackware 5 | . . . . . . . 4 9 9 15 9 5 5 4 5 1 2 4 7 1 Protection 6 | . . 3 5 11 9 7 6 9 5 6 9 11 17 11 9 8 5 4 4 . Energy Gun 5 | . 14 22 21 21 11 11 5 5 3 . . 3 1 3 5 1 4 4 1 . Energy Cannon 4 | . . . . . . . . 1 5 8 10 4 6 4 4 7 3 4 6 4 Ballistic Gun 4 | . 13 8 . . . . . 2 3 5 3 2 7 6 5 8 6 3 3 2 Ballistic Cannon 2 | . . . 2 11 11 11 6 5 1 . . . . . . . 2 4 3 2 Special Melee Weapon 1 | . . . . . 7 11 6 1 1 . . . . . . . . . . . Peak Build Rating 194 | 7 9 16 21 22 23 23 51 55 78 86 90 122 122 118 140 150 165 178 194 191 Average Rating 95 | 5 7 12 17 20 21 22 40 51 62 81 82 93 119 107 132 140 144 173 181 131 On Entrance 76 | . 7 9 16 21 22 22 22 51 39 69 82 86 122 118 116 134 135 165 176 184 Avg Prop Armor Cover (%) 8 | . 12 10 10 9 10 10 12 7 5 8 7 7 . . 9 6 3 4 . . Naked Turns . | . . . . . . . . . . . . . . . . . . . . . Heaviest Build 262 | 15 30 40 43 43 42 41 53 58 158 157 161 149 142 145 140 162 258 258 262 152 Greatest Support 230 | 20 40 40 20 40 12 12 40 40 42 26 42 140 140 160 160 185 185 220 225 230 Greatest Overweight (x) 13 | 2 2 3 13 3 3 3 3 1 12 6 9 8 1 1 1 1 5 1 1 12 Average Overweight (x) 2 | . 1 2 2 1 3 3 1 1 4 5 4 3 . . . . . 1 . . Largest Inventory Capacity 25 | 8 15 15 15 15 15 15 15 15 25 25 25 25 25 25 25 25 25 25 25 25 Average Capacity 22 | 7 14 15 15 15 15 15 15 15 22 25 25 25 25 25 25 25 24 25 25 19 Most Carried 25 | 6 15 15 15 15 15 15 15 15 25 25 25 25 25 25 25 25 25 25 25 25 Average Carried 21 | 4 9 14 14 14 14 14 13 14 21 24 23 24 24 24 24 24 23 24 24 16 Final Capacity 25 | 8 15 15 15 15 15 15 15 15 25 25 25 25 25 25 25 25 25 25 25 5 Final Carried 25 | 6 15 15 15 15 15 15 15 15 25 23 25 25 25 25 25 25 25 25 25 4 Class Distribution -------------------- 53% | Scavenger-Tank 14% | Mutant 12% | Bothacker-Mutant 5% | Gunner 5% | Scavenger-Gunner Dominant Class ---------------- Mutant | -10/Materials Gunner | -9/Materials Mutant | -9/Storage Gunner | -9/Garrison Bothacker-Mutant | -9/Recycling Bothacker-Mutant | -9/Scraptown Bothacker-Mutant | -6/Factory Gunner | -6/Garrison Mutant | -6/Factory Scavenger-Tank | -5/Factory Scavenger-Tank | -5/Extension Scavenger-Tank | -5/Cetus Scavenger-Tank | -5/Archives Scavenger-Tank | -5/Hub_04(d) Scavenger-Tank | -4/Factory Scavenger-Tank | -3/Research Scavenger-Tank | -3/Armory Scavenger-Tank | -2/Research Scavenger-Tank | -1/Access Scavenger-Gunner | -1/Command Resources | -11 -10 -9 -9 -9 -9 -9 -6 -6 -6 -5 -5 -5 -5 -5 -4 -3 -3 -2 -1 -1 ----------- Run | Yrd Mat Mat Sto Gar Rec Scr Fac Gar Fac Fac Ext Cet Arc Hub Fac Res Arm Res Acc Com Matter Collected 13837 | 225 211 226 258 228 75 64 40 312 2197 404 848 201 122 666 489 646 2566 1007 2555 497 Remotely 10 | . . . . . . . . . 10 . . . . . . . . . . . Salvage Created 18978 | 63 204 477 849 268 54 . 49 565 2865 558 826 257 100 675 725 739 3196 1865 3962 681 Parts 847 | 5 14 27 45 16 2 . 2 24 109 26 32 11 4 27 29 32 192 61 157 32 Haulers Intercepted 6 | . . 2 2 . . . . . 1 . . . . . . . . . 1 . Recyclers Shooed 15 | . . . . . . . . . 4 . . . . 2 2 . . 2 4 1 Parts Field Recycled . | . . . . . . . . . . . . . . . . . . . . . Retrieved Matter . | . . . . . . . . . . . . . . . . . . . . . Parts Self-Destructed . | . . . . . . . . . . . . . . . . . . . . . Prevented . | . . . . . . . . . . . . . . . . . . . . . Parts Restored 2 | . . . . . . . . . . . 1 . . . 1 . . . . . Broken 2 | . . . . . . . . . . . 1 . . . 1 . . . . . Kills | -11 -10 -9 -9 -9 -9 -9 -6 -6 -6 -5 -5 -5 -5 -5 -4 -3 -3 -2 -1 -1 ------- Run | Yrd Mat Mat Sto Gar Rec Scr Fac Gar Fac Fac Ext Cet Arc Hub Fac Res Arm Res Acc Com Combat Hostiles Destroyed 290 | . 6 11 17 10 2 . . 14 38 10 13 3 1 10 13 7 50 17 56 12 Melee 12 | . . . 3 . 1 . . 1 6 . . . . . . . . . . 1 Guns 108 | . 6 11 9 4 . . . 5 9 2 1 . 1 6 8 4 23 6 13 . Cannons 112 | . . . 2 6 1 . . 8 10 5 6 2 . 3 5 1 22 6 32 3 AOE 41 | . . . . . . . . . 10 2 6 . . . . . 4 5 7 7 Classes Destroyed 19 | 1 4 3 1 2 . . . 3 2 . 1 . . 1 . . 1 . . . Worker 29 | . 1 . . . . . 1 . 8 . 1 . . 3 . 1 . . 7 7 Builder 8 | . . . . . . . . . 2 . 1 . . 1 . 2 . 1 1 . Tunneler 7 | 3 . . . . . . . . 1 . . . . . . 2 . . 1 . Hauler 6 | . . 2 2 . . . . . 1 . . . . . . . . . 1 . Recycler 14 | . . 1 . . . . . . 6 . 1 . . . . . . 5 . 1 Mechanic 3 | . . . 1 . . . . . 1 . . . . . 1 . . . . . Watcher 25 | . 1 . 1 . . . 1 . 5 2 2 1 . 2 1 2 2 2 2 1 Swarmer 49 | . 3 8 5 4 1 . . 3 3 1 4 . . 1 2 . 3 . 6 5 Saboteur 4 | . . . . . . . . 2 . . . . . . . . 2 . . . Grunt 87 | . 3 1 5 3 . . . 4 19 5 5 . . 2 3 2 7 8 17 3 Brawler 9 | . . . . . . . . 1 1 . . . . . . 2 2 . 2 1 Duelist 7 | . . . . . . . . 2 . . . . . . . . . . 3 2 Protector 1 | . . . . . . . . . . . . . . . . . 1 . . . Sentry 32 | . . 2 8 . 1 . . . 3 1 3 . 1 2 1 2 . 3 5 . Specialist 10 | . . . . . . . . . . . . . . 2 . . 8 . . . Hunter 25 | . . . . 2 . . . 2 6 . . . . . 2 1 4 4 4 . Programmer 55 | . . . . 1 . . . . 5 3 . . . 3 5 . 18 2 18 . Heavy 2 | . . . . . . . . . 1 . . . . . . . 1 . . . Behemoth 4 | . . . . . . . . . . . 1 . . . . . 1 . 1 1 Armor Guard 3 | . . . . . . . . . . . . . . . . . 3 . . . Cetus Guard 3 | . . . . . . . . . . . . 3 . . . . . . . . Best Kill Streak 13 | 2 4 7 6 4 1 . 2 4 13 4 4 3 1 2 3 4 4 8 7 7 Combat Bots Only 7 | . 3 7 3 4 1 . . 4 5 3 4 2 1 2 3 2 4 6 5 5 Max Kills in Single Turn 9 | 1 1 1 2 1 1 . 2 1 9 2 2 1 1 1 1 1 2 5 2 3 Gunslinging . | . . . . . . . . . . . . . . . . . . . . . Exploded 5 | . . . . . . . . . 4 2 2 . . . . . 2 5 2 3 Melee 1 | . . . 1 . 1 . . 1 1 . . . . . . . . . . 1 Uniques/NPCs Destroyed . | . . . . . . . . . . . . . . . . . . . . . Combat | -11 -10 -9 -9 -9 -9 -9 -6 -6 -6 -5 -5 -5 -5 -5 -4 -3 -3 -2 -1 -1 -------- Run | Yrd Mat Mat Sto Gar Rec Scr Fac Gar Fac Fac Ext Cet Arc Hub Fac Res Arm Res Acc Com Hostile Shots Fired 2359 | . 14 38 42 75 11 . . 59 334 55 93 20 4 81 68 34 627 121 298 385 Missed 576 | . 3 9 12 12 . . . 8 97 20 26 8 1 20 8 7 159 33 52 101 Hits 1783 | . 11 29 30 63 11 . . 51 237 35 67 12 3 61 60 27 468 88 246 284 Melee 39 | . . . . . . . . 9 . . . . . . . . 5 . 8 17 Projectile 1744 | . 11 29 30 63 11 . . 42 237 35 67 12 3 61 60 27 463 88 238 267 AOE 6 | . . . . . . . . . . . . . . 1 . . . . 1 4 Critical Strikes 84 | . . . . 1 . . . 4 4 . . 2 . 2 4 2 22 6 20 17 Actively Blocked 65 | . . . . . . . . . . . . 2 . 2 4 . 22 6 20 9 Part Disruptions 2 | . . . . . . . . . . . . . . . . . 1 . 1 . Damage Taken 36397 | . 95 268 361 775 148 . 68 973 3760 701 1844 412 82 1462 1203 573 9321 1812 5017 7522 Core 3490 | . . 29 72 111 24 . 6 146 320 50 120 23 . 116 155 37 661 . 165 1455 Absorbed by Shields 225 | . . . . 9 . . . 60 . . 82 . . . . . 74 . . . Reduced by Siege Mode 1979 | . . . . . . . . . . . . . . . 67 6 361 118 812 615 Redirected to Shielding 175 | . . . . . . . . . . . . . . . . . 70 . 105 . Ignored by Resistances 2779 | . . . . . . . . . 179 24 169 . . . . 62 1022 348 619 356 Regen/Repaired (Parts) 1260 | . . . 158 . . . . . 778 . . . . . 324 . . . . . Core Remaining (%) 73 | 100 100 . . . . 41 . . 44 . . . . 69 86 . 46 100 . . Volleys Fired 967 | 13 14 31 15 32 1 . 2 41 113 28 94 10 4 52 44 36 198 47 149 43 Largest 4 | 2 2 3 3 3 2 . 2 3 3 3 3 3 3 3 3 4 4 4 4 4 Hottest 378 | 70 70 126 152 152 96 . 100 210 230 155 158 378 160 225 240 218 304 271 333 333 Shots Fired 2358 | 26 28 81 44 60 2 . 3 88 214 59 177 28 9 114 106 112 525 154 435 93 Gun 1215 | 26 28 81 31 35 1 . 2 45 83 16 46 14 4 67 65 74 345 75 161 16 Cannon 1025 | . . . 13 25 1 . 1 43 99 30 115 13 4 42 37 36 170 74 258 64 Launcher 44 | . . . . . . . . . 10 4 7 . . . . . 4 2 7 10 Special 74 | . . . . . . . . . 22 9 9 1 1 5 4 2 6 3 9 3 Kinetic 989 | 13 14 31 14 25 1 . 1 42 55 16 46 9 3 44 34 68 261 66 218 28 Thermal 1223 | 13 14 50 30 19 1 . . 46 121 30 115 18 5 65 68 42 254 83 201 48 Explosive 44 | . . . . . . . . . 10 4 7 . . . . . 4 2 7 10 Electromagnetic 31 | . . . . 16 . . 2 . 6 . . . . . . . . . . 7 Robot Hit Streak 53 | 3 5 15 11 6 5 . 6 11 15 18 21 13 10 16 25 13 53 20 30 32 Robot Miss Streak 4 | 3 1 4 2 3 . . 1 3 4 2 2 2 . 3 4 3 4 2 4 3 Penetration Max 2 | . . . . . . . . . 1 . 1 . . 1 1 1 2 1 1 1 Secondary Targets 5 | . . 1 . . . . . . . . . . . . . . 4 . . . Max Gunslinging Chain 1 | . . 1 . . . . . . . . . . . . . . 1 . . . Shots Hit Robots 1691 | 13 17 48 42 32 13 1 12 53 172 39 111 19 9 79 76 75 394 112 298 76 Core Hits 713 | 3 11 20 18 18 2 . 2 24 106 19 45 9 3 33 36 28 127 50 120 39 Critical Kills 41 | . . . . . 1 . . . 1 2 2 1 1 5 4 4 12 2 4 2 Critical Parts Destroyed 44 | . . . 2 . . . . . . . 3 . . 4 3 4 17 . 11 . Critical Strikes 142 | . . 3 5 2 1 . 1 5 5 2 10 1 1 9 7 9 45 4 25 7 Burn 13 | . . 3 2 1 . . . 5 2 . . . . . . . . . . . Meltdown 10 | . . . . . . . . . . 1 . 1 . . . 2 1 . 4 1 Destroy 89 | . . . . . . . . . 1 1 10 . 1 9 7 7 36 2 12 3 Blast 24 | . . . 1 1 . . . . 2 . . . . . . . 8 2 9 1 Corrupt 2 | . . . . . . . 1 . . . . . . . . . . . . 1 Smash 3 | . . . 2 . 1 . . . . . . . . . . . . . . . Impale 1 | . . . . . . . . . . . . . . . . . . . . 1 Melee Attacks 106 | . . . 24 . 12 1 10 6 49 . 1 . . . . . . . . 3 Impact 34 | . . . 24 . 7 . . 3 . . . . . . . . . . . . Slashing 43 | . . . . . . . . . 42 . 1 . . . . . . . . . Piercing 3 | . . . . . . . . . . . . . . . . . . . . 3 Sneak Attacks 44 | . . . 5 . 5 1 10 . 23 . . . . . . . . . . . Combat Hostiles 2 | . . . 1 . . . . . 1 . . . . . . . . . . . Follow-up Attacks . | . . . . . . . . . . . . . . . . . . . . . Damage Inflicted 59865 | 173 202 697 1408 744 231 . 82 1116 7102 1485 4082 667 180 2415 2498 2132 12370 4166 12908 5207 Guns 21463 | 173 202 697 362 288 16 . 52 523 1053 136 394 237 86 1513 1659 1181 7316 1503 3646 426 Cannons 26233 | . . . 202 390 30 . 30 593 2000 773 2648 430 94 801 832 942 4256 1916 8005 2291 Explosions 8870 | . . . . 66 . . . . 2038 576 1040 . . . . . 798 747 1254 2351 Melee 3117 | . . . 844 . 185 . . . 2011 . . . . . . . . . . 77 Ramming 153 | . . . . . . . . . . . . . . 101 7 9 . . 3 33 Kinetic 17653 | 98 89 251 202 390 30 . 30 472 826 136 394 54 86 772 600 992 4944 1257 5070 960 Thermal 30241 | 75 113 446 362 246 16 . . 644 2454 848 2751 613 94 1542 1891 1131 6628 2162 6581 1644 Explosive 8190 | . . . . . . . . . 1688 501 937 . . . . . 798 747 1168 2351 Electromagnetic 511 | . . . . 108 . . 52 . 123 . . . . . . . . . 86 142 Impact 1029 | . . . 844 . 185 . . . . . . . . . . . . . . . Slashing 2011 | . . . . . . . . . 2011 . . . . . . . . . . . Piercing 77 | . . . . . . . . . . . . . . . . . . . . 77 Highest Corruption 45 | . 3 . . . . . 1 1 27 1 1 10 10 15 3 . 45 2 22 42 Average Corruption 11 | . 2 . . . . . 1 1 3 1 1 1 10 11 2 . 29 1 13 31 Corruption Purged 6 | . . . . . . . . . 5 1 . . . . . . . . . . Corruption Blocked . | . . . . . . . . . . . . . . . . . . . . . Effects 502 | . 3 . . . . . . 6 79 5 4 8 7 56 4 . 164 7 103 56 Message Errors 105 | . . . . . . . . 1 17 1 . 1 1 14 1 . 34 1 26 8 Matter Fused 96 | . 1 . . . . . . . 19 1 1 2 5 13 . . 26 . 17 11 Heat Flow Errors 50 | . . . . . . . . 2 11 . 1 2 . 5 . . 15 2 9 3 Energy Discharges 52 | . . . . . . . . 2 9 1 . . . 6 2 . 19 . 10 3 Parts Rejected 6 | . . . . . . . . . . . 1 . . . . . 2 1 1 1 Parts Fused 7 | . . . . . . . . . . . . . . 2 . . 2 . 1 2 Data Loss (minor) 58 | . 2 . . . . . . . 9 . 1 2 . 7 . . 10 . 19 8 Data Loss (major) 26 | . . . . . . . . 1 6 . . 1 . 2 . . 7 2 5 2 Misfires 20 | . . . . . . . . . 5 2 . . . 2 . . 7 1 3 . Alerts 12 | . . . . . . . . . 3 . . . . . . . 5 . 4 . Misdirections 13 | . . . . . . . . . . . . . . . . . 2 . . 11 Weapon Failures 57 | . . . . . . . . . . . . . 1 5 1 . 35 . 8 7 Overload Shots 17 | . . . . . . . . . 1 . 1 4 . . 2 1 8 . . . Effects 1 | . . . . . . . . . . . 1 . . . . . . . . . Short Circuit 1 | . . . . . . . . . . . 1 . . . . . . . . . Overflow Damage 1738 | . . . 233 2 44 . . . 391 41 33 . . 54 18 17 150 39 403 313 Projectiles 834 | . . . 34 2 20 . . . 58 3 23 . . 54 18 17 150 39 375 41 Explosions 402 | . . . . . . . . . 72 38 10 . . . . . . . 28 254 Melee 502 | . . . 199 . 24 . . . 261 . . . . . . . . . . 18 Knockbacks 44 | . . . 2 5 . . . 2 3 . . . . 2 . . 8 3 18 1 Impact 2 | . . . . . . . . . . . . . . 2 . . . . . . Kinetic 40 | . . . 1 5 . . . 2 3 . . . . . . . 8 3 17 1 Secondary 2 | . . . 1 . . . . . . . . . . . . . . . 1 . Self-Inflicted Damage 1115 | . . . . . . . . . 194 66 71 . . . . . . 86 4 694 Shots 19 | . . . . . . . . . 6 1 1 . . . . . . 2 1 8 Rammed 13 | . . 1 . . . . . . . . . . . 9 1 1 . . . 1 Targets Rammed 15 | . . 1 . . . . . . . . . . . 10 1 1 . . 1 1 Kicked . | . . . . . . . . . . . . . . . . . . . . . Crushed 2 | . . . . . . . . . . . . . . 1 . . . . 1 . Highest Temperature 617 | 90 102 479 256 432 36 . . 438 533 369 119 320 . 384 342 261 547 418 617 196 Average Temperature 127 | 38 37 146 123 205 22 . . 153 131 99 26 100 . 92 74 78 141 177 162 74 Received Heat Transfer 4848 | . 30 39 120 165 36 . . 270 933 165 390 36 . 255 105 78 729 144 444 909 Effects 63 | . . 5 1 4 . . . 9 10 . . . . 5 . 1 16 1 11 . Shutdowns 9 | . . 1 . 2 . . . 2 2 . . . . . . . 1 . 1 . Energy Bleed 13 | . . 1 1 1 . . . 4 1 . . . . 1 . 1 1 . 2 . Interference 26 | . . 3 . . . . . 3 2 . . . . 4 . . 11 1 2 . Matter Decay 1 | . . . . 1 . . . . . . . . . . . . . . . . Short Circuit 5 | . . . . . . . . . 2 . . . . . . . 3 . . . Damage (major) 9 | . . . . . . . . . 3 . . . . . . . . . 6 . Siege Activations 46 | . . . . . . . . . . . . . . 1 3 5 14 4 17 2 Total Turns 952 | . . . . . . . . . . . . . . 11 45 39 411 95 278 73 Longest Duration 74 | . . . . . . . . . . . . . . 11 24 16 74 46 39 62 Martial Activations . | . . . . . . . . . . . . . . . . . . . . . Shielding Activations . | . . . . . . . . . . . . . . . . . . . . . Robots Disrupted 2 | . . . . . . . . . . . 1 1 . . . . . . . . Combat Hostiles 2 | . . . . . . . . . . . 1 1 . . . . . . . . Robots Corrupted 6 | . . . 5 . . . . . . . . . . . . . . . . 1 Combat Hostiles 3 | . . . 3 . . . . . . . . . . . . . . . . . Parts Fried 14 | . . . 9 . . . . . 1 . . 1 . . . . . . . 3 Impact Corruptions 11 | . . . 9 . 1 . . . . . . . . . . . . . . 1 Robots Melted 14 | . . . . . . . . . 3 1 . 1 . 1 . 2 1 . 4 1 Combat Hostiles 14 | . . . . . . . . . 3 1 . 1 . 1 . 2 1 . 4 1 Parts Melted 62 | . . 5 2 1 . . . 5 9 1 2 . . 5 5 3 14 3 7 . Heat Transferred 36275 | 222 333 1406 1036 618 37 . . 1896 3340 700 1980 634 150 2400 2784 1537 7923 2257 5693 1329 Parts Sabotaged 9 | . . . . . . . . 5 . . . . . . . . 4 . . . Parts Stolen . | . . . . . . . . . . . . . . . . . . . . . Parts Stripped . | . . . . . . . . . . . . . . . . . . . . . Power Chain Reactions 3 | . . . . 1 . . . . . 1 1 . . . . . . . . . Alert | -11 -10 -9 -9 -9 -9 -9 -6 -6 -6 -5 -5 -5 -5 -5 -4 -3 -3 -2 -1 -1 ------- Run | Yrd Mat Mat Sto Gar Rec Scr Fac Gar Fac Fac Ext Cet Arc Hub Fac Res Arm Res Acc Com Maximum Alert Level 4 | . . . 2 2 1 . . 1 2 1 . . . 1 . . 2 2 4 3 Low Security (%) 59 | 100 100 100 76 . 56 . 100 60 59 73 100 100 100 38 100 100 35 . 20 . Level 1 19 | . . . 15 21 43 . . 39 3 26 . . . 61 . . 41 69 26 . Level 2 17 | . . . 7 78 . . . . 36 . . . . . . . 22 29 34 54 Level 3 2 | . . . . . . . . . . . . . . . . . . . 10 45 Level 4 . | . . . . . . . . . . . . . . . . . . . 8 . Level 5 . | . . . . . . . . . . . . . . . . . . . . . High Security . | . . . . . . . . . . . . . . . . . . . . . Max Security . | . . . . . . . . . . . . . . . . . . . . . Peak Influence 1191 | 5 106 178 534 560 317 . 12 324 622 304 178 179 102 345 142 134 612 498 1191 908 Initial 754 | . . 9 57 343 252 . . . 159 304 72 93 3 7 142 34 16 318 288 754 Average 213 | . 41 122 141 463 160 . . 154 225 134 45 56 48 227 43 40 260 325 468 694 Influence Increases 11503 | 15 183 328 977 247 303 . 12 394 1241 345 738 250 112 985 425 329 1480 556 1727 856 Destroy 0b10 Robot/C 5485 | . 120 220 600 200 40 . . 300 570 150 360 120 60 390 195 105 780 255 840 180 Destroy 0b10 Robot/NC 428 | 15 10 15 30 . . . 10 . 96 8 28 8 . 36 8 28 16 36 48 36 Destroy Leader 1120 | . 22 44 146 10 . . 2 20 148 36 62 . . 112 58 28 164 68 166 34 Allied During Kill 588 | . . . 99 . . . . 6 3 . 74 72 48 261 5 . 14 2 4 . Trap Triggered on 0b10 8 | . . . . . . . . . 8 . . . . . . . . . . . Successful Hack 412 | . . 16 22 . 23 . . 14 91 13 16 18 . 22 31 9 32 45 48 12 Select Force Hacks 270 | . 30 . . . 240 . . . . . . . . . . . . . . . Disable Machine 585 | . . . 45 . . . . . 108 12 12 . . 48 36 36 144 . 120 24 Anti-Garrison Action 113 | . . . . . . . . . . . . . . . . 113 . . . . Destroy Structure 1543 | . 1 3 5 37 . . . 39 97 90 150 32 4 92 56 10 198 150 369 210 Partial Spotted 24 | . . . . . . . . . . . . . . . . . . . 12 12 Lose Combat Pursuer 927 | . . 30 30 . . . . 15 120 36 36 . . 24 36 . 132 . 120 348 Influence Decreases 10595 | 15 161 212 587 215 830 33 12 90 923 818 719 409 99 716 650 363 905 683 1028 1127 Entered New Map 2359 | . . 13 81 185 308 33 . . 145 318 77 75 6 15 149 32 16 289 192 425 Time Decay 6404 | 15 161 199 356 . 362 . 12 . 674 490 465 274 93 481 480 331 619 374 676 342 Lost Part 902 | . . . 10 30 10 . . 30 84 10 26 20 . 10 12 . 180 . 120 360 Lost Ally 630 | . . . 140 . . . . 60 20 . 151 40 . 60 9 . 90 20 40 . Purge Threat 300 | . . . . . 150 . . . . . . . . 150 . . . . . . Squads Dispatched 76 | . 1 1 5 . . . . . 12 3 3 . . 8 5 8 9 4 13 4 Investigation 12 | . 1 1 2 . . . . . 3 1 1 . . . 1 2 . . . . Extermination 31 | . . . . . . . . . 6 2 . . . 3 4 . 6 2 7 1 Reinforcement 26 | . . . . . . . . . 3 . 2 . . 5 . 6 3 2 4 1 Assault 4 | . . . 1 . . . . . . . . . . . . . . . 1 2 Garrison 3 | . . . 2 . . . . . . . . . . . . . . . 1 . Intercept . | . . . . . . . . . . . . . . . . . . . . . Searches Triggered . | . . . . . . . . . . . . . . . . . . . . . Construction Impeded 4 | . . . . . . . . . 1 . 2 . . . . . . . 1 . Haulers Reinforced 7 | . . . . . . . . . 1 . . . . 2 . 3 . . 1 . Active Scanning Responses . | . . . . . . . . . . . . . . . . . . . . . Cargo Convoy Interrupts 1 | . . . . . . . . . 1 . . . . . . . . . . . Stealth | -11 -10 -9 -9 -9 -9 -9 -6 -6 -6 -5 -5 -5 -5 -5 -4 -3 -3 -2 -1 -1 --------- Run | Yrd Mat Mat Sto Gar Rec Scr Fac Gar Fac Fac Ext Cet Arc Hub Fac Res Arm Res Acc Com Distress Signals 37 | . . 3 3 . . . . . 3 1 3 2 . 2 . 9 5 . 2 4 Communications Jammed 74 | . . . . . . . . . 26 . . . . 3 . 30 8 . 4 3 Distress Signals 73 | . . . . . . . . . 25 . . . . 3 . 30 8 . 4 3 Times Spotted 527 | . 7 19 37 9 2 . 1 21 67 18 24 11 2 33 18 25 73 22 77 61 Peak Tracking Total 26 | . 3 8 8 5 1 . 1 4 8 4 5 5 1 3 4 5 8 5 6 26 Tactical Retreats 39 | . . 1 2 . . . . 1 4 3 3 . . 1 1 . 8 . 8 7 Traps | -11 -10 -9 -9 -9 -9 -9 -6 -6 -6 -5 -5 -5 -5 -5 -4 -3 -3 -2 -1 -1 ------- Run | Yrd Mat Mat Sto Gar Rec Scr Fac Gar Fac Fac Ext Cet Arc Hub Fac Res Arm Res Acc Com Traps Triggered 36 | . 3 . . 4 . . 1 4 5 1 5 . . . 1 1 7 1 3 . Indirectly . | . . . . . . . . . . . . . . . . . . . . . Trap Hack Attempts 21 | . . . . . . . . . 21 . . . . . . . . . . . Triggered . | . . . . . . . . . . . . . . . . . . . . . Disarmed . | . . . . . . . . . . . . . . . . . . . . . Reprogrammed 1 | . . . . . . . . . 1 . . . . . . . . . . . Reused 1 | . . . . . . . . . 1 . . . . . . . . . . . Traps Extracted . | . . . . . . . . . . . . . . . . . . . . . Installed . | . . . . . . . . . . . . . . . . . . . . . Triggered 1 | . . . . . . . . . 1 . . . . . . . . . . . Machines | -11 -10 -9 -9 -9 -9 -9 -6 -6 -6 -5 -5 -5 -5 -5 -4 -3 -3 -2 -1 -1 ---------- Run | Yrd Mat Mat Sto Gar Rec Scr Fac Gar Fac Fac Ext Cet Arc Hub Fac Res Arm Res Acc Com Machines Disabled 50 | . . . 3 . . . . . 9 1 2 . . 4 3 4 12 . 10 2 Max in Single Turn 2 | . . . 1 . . . . . 2 1 1 . . 1 2 1 2 . 1 1 Garrison Access 10 | . . . . . . . . . 2 1 . . . 2 1 2 . . 2 . Garrison Relay 1 | . . . . 1 . . . . . . . . . . . . . . . . Network Hub 1 | . . . . . . . . . . . . . . 1 . . . . . . Machines Repaired . | . . . . . . . . . . . . . . . . . . . . . Machines Dismantled 4 | . . . . . . . . . . . 1 . . . . . . . 1 2 Machines Sabotaged . | . . . . . . . . . . . . . . . . . . . . . Overloaded Fab Kills . | . . . . . . . . . . . . . . . . . . . . . Hacking | -11 -10 -9 -9 -9 -9 -9 -6 -6 -6 -5 -5 -5 -5 -5 -4 -3 -3 -2 -1 -1 --------- Run | Yrd Mat Mat Sto Gar Rec Scr Fac Gar Fac Fac Ext Cet Arc Hub Fac Res Arm Res Acc Com Machines Accessed 118 | . 2 6 6 1 14 . 2 1 21 6 12 3 . 5 8 4 5 4 12 6 Terminals 69 | . 1 6 4 1 6 . . 1 9 4 11 3 . 3 1 1 3 3 6 6 Fabricators 7 | . . . . . . . 1 . 2 . . . . . . 1 2 . 1 . Repair Stations 11 | . . . 1 . . . . . 4 . . . . . 5 . . . 1 . Recycling Units 13 | . 1 . . . 8 . . . 1 . 1 . . . 1 . . . 1 . Scanalyzers 8 | . . . . . . . . . 3 1 . . . . . 2 . 1 1 . Garrison Access 10 | . . . 1 . . . 1 . 2 1 . . . 2 1 . . . 2 . Total Hacks 303 | . 3 24 18 2 48 . 7 3 51 14 24 8 . 10 17 14 12 9 26 13 Successful 137 | . 2 6 13 . 30 . 2 1 28 5 11 5 . 6 9 1 5 3 9 1 Failed 166 | . 1 18 5 2 18 . 5 2 23 9 13 3 . 4 8 13 7 6 17 12 Catastrophic 39 | . . 3 1 1 2 . . 1 4 . 2 1 . . 3 3 3 3 9 3 Database Lockouts . | . . . . . . . . . . . . . . . . . . . . . Manual 100 | . 3 16 7 1 18 . . 1 10 5 8 2 . 2 2 4 5 5 3 8 Terminals 168 | . 2 24 11 2 23 . . 3 15 8 23 8 . 6 1 4 6 6 13 13 Fabricators 25 | . . . . . . . 5 . 6 . . . . . . 5 6 . 3 . Repair Stations 33 | . . . 6 . . . . . 14 . . . . . 12 . . . 1 . Recycling Units 33 | . 1 . . . 25 . . . 3 . 1 . . . 2 . . . 1 . Scanalyzers 25 | . . . . . . . . . 9 4 . . . . . 5 . 3 4 . Garrison Access 19 | . . . 1 . . . 2 . 4 2 . . . 4 2 . . . 4 . Terminal Hacks 38 | . 1 4 4 . 6 . . 1 3 . 8 5 . 1 . . 2 . 2 1 Record 7 | . . . . . 1 . . . . . 1 4 . . . . 1 . . . Part Schematic 1 | . . . . . 1 . . . . . . . . . . . . . . . Robot Analysis 6 | . 1 2 . . 2 . . . . . 1 . . . . . . . . . Prototype ID Bank 1 | . . 1 . . . . . . . . . . . . . . . . . . Open Door 12 | . . . 2 . . . . . . . 6 1 . . . . 1 . 2 . Branch Access Points 2 | . . 1 . . . . . . 1 . . . . . . . . . . . Emergency Access Points 1 | . . . . . . . . 1 . . . . . . . . . . . . Terminal Index 1 | . . . 1 . . . . . . . . . . . . . . . . . Unreport Threat 1 | . . . . . 1 . . . . . . . . . . . . . . . Locate Traps 3 | . . . . . . . . . 1 . . . . 1 . . . . . 1 Dispatch Records 1 | . . . . . 1 . . . . . . . . . . . . . . . Zone Layout 2 | . . . 1 . . . . . 1 . . . . . . . . . . . Fabricator Hacks 4 | . . . . . . . . . 2 . . . . . . . 1 . 1 . Network Status 3 | . . . . . . . . . 1 . . . . . . . 1 . 1 . Build 1 | . . . . . . . . . 1 . . . . . . . . . . . Repair Station Hacks 17 | . . . 6 . . . . . 7 . . . . . 4 . . . . . Scan Component 10 | . . . 3 . . . . . 4 . . . . . 3 . . . . . Repair 7 | . . . 3 . . . . . 3 . . . . . 1 . . . . . Recycling Unit Hacks 18 | . . . . . 14 . . . 1 . 1 . . . 2 . . . . . Process 1 | . . . . . 1 . . . . . . . . . . . . . . . Report Inventory 11 | . . . . . 8 . . . 1 . 1 . . . 1 . . . . . Retrieve Matter 1 | . . . . . 1 . . . . . . . . . . . . . . . Retrieve Components 5 | . . . . . 4 . . . . . . . . . 1 . . . . . Scanalyzer 12 | . . . . . . . . . 7 1 . . . . . 1 . 1 2 . Insert Component 5 | . . . . . . . . . 3 1 . . . . . 1 . . . . Analyze 2 | . . . . . . . . . 2 . . . . . . . . . . . Retrieve Study 5 | . . . . . . . . . 2 . . . . . . . . 1 2 . Garrison Access Hacks 19 | . . . 1 . . . 2 . 4 2 . . . 4 2 . . . 4 . Unlock Access 2 | . . . 1 . . . 1 . . . . . . . . . . . . . Seal Access 8 | . . . . . . . . . 2 1 . . . 2 1 . . . 2 . Coupler Status 9 | . . . . . . . 1 . 2 1 . . . 2 1 . . . 2 . Unauthorized Hacks 29 | . 1 2 2 . 10 . . . 4 2 2 . . 1 1 . 2 2 . . Terminals 16 | . . 2 2 . 2 . . . 2 2 2 . . 1 . . 1 2 . . Botnet 16 | . . 2 2 . 2 . . . 2 2 2 . . 1 . . 1 2 . . Fabricators 3 | . . . . . . . . . 2 . . . . . . . 1 . . . Report 2 | . . . . . . . . . 1 . . . . . . . 1 . . . Haulers 1 | . . . . . . . . . 1 . . . . . . . . . . . Repair Stations 1 | . . . . . . . . . . . . . . . 1 . . . . . Patch 1 | . . . . . . . . . . . . . . . 1 . . . . . Recycling Units 9 | . 1 . . . 8 . . . . . . . . . . . . . . . Tunnel 9 | . 1 . . . 8 . . . . . . . . . . . . . . . Scanalyzers . | . . . . . . . . . . . . . . . . . . . . . Garrison Access . | . . . . . . . . . . . . . . . . . . . . . Data Cores Recovered . | . . . . . . . . . . . . . . . . . . . . . Used . | . . . . . . . . . . . . . . . . . . . . . Hacking Detections 88 | . 1 6 4 1 7 . 2 1 17 5 6 2 . 4 6 3 3 4 11 5 Full Trace Events 6 | . . 1 1 . . . . . 2 1 1 . . . . . . . . . Feedback Events . | . . . . . . . . . . . . . . . . . . . . . Feedback Blocked . | . . . . . . . . . . . . . . . . . . . . . Robot Schematics Acquired . | . . . . . . . . . . . . . . . . . . . . . Robots Built 1 | . . . . . . . . . 1 . . . . . . . . . . . Authchips . | . . . . . . . . . . . . . . . . . . . . . Time 50 | . . . . . . . . . 50 . . . . . . . . . . . Total Robot Build Rating 5 | . . . . . . . . . 5 . . . . . . . . . . . Part Schematics Acquired 2 | . . . . . 1 . . . 1 . . . . . . . . . . . Parts Built . | . . . . . . . . . . . . . . . . . . . . . Authchips . | . . . . . . . . . . . . . . . . . . . . . Time . | . . . . . . . . . . . . . . . . . . . . . Total Part Build Rating . | . . . . . . . . . . . . . . . . . . . . . Part Studies Acquired 5 | . . . . . . . . . 2 . . . . . . . . 1 2 . Parts Repaired 7 | . . . 3 . . . . . 3 . . . . . 1 . . . . . Time 260 | . . . 84 . . . . . 136 . . . . . 40 . . . . . Parts Recycled . | . . . . . . . . . . . . . . . . . . . . . Recycled Matter 10 | . . . . . 10 . . . . . . . . . . . . . . . Retrieved Matter 10 | . . . . . 10 . . . . . . . . . . . . . . . Retrieved Components 12 | . . . . . 9 . . . . . . . . . 3 . . . . . Parts Scanalyzed 4 | . . . . . . . . . 2 1 . . . . . 1 . . . . Part Schematics Acquired 1 | . . . . . . . . . 1 . . . . . . . . . . . Parts Damaged 1 | . . . . . . . . . . . . . . . . 1 . . . . Bothacking | -11 -10 -9 -9 -9 -9 -9 -6 -6 -6 -5 -5 -5 -5 -5 -4 -3 -3 -2 -1 -1 ------------ Run | Yrd Mat Mat Sto Gar Rec Scr Fac Gar Fac Fac Ext Cet Arc Hub Fac Res Arm Res Acc Com Used RIF Installer 2 | . . . . 1 . . . 1 . . . . . . . . . . . . Threat Obfuscator 1 | . . . . . . . . 1 . . . . . . . . . . . . Robots Hacked 61 | . . . . . 3 1 5 3 15 7 6 1 1 4 3 2 2 2 6 . Non-combat 38 | . . . . . 3 . 4 . 11 7 5 . 1 3 1 . . 1 2 . Combat 23 | . . . . . . 1 1 3 4 . 1 1 . 1 2 2 2 1 4 . Robot Hacks Applied 75 | . . . . . 4 1 7 3 20 7 8 1 1 4 3 2 6 2 6 . parse_system 12 | . . . . . . 1 1 . 2 2 1 1 1 . . . 2 1 . . no_distress 5 | . . . . . 1 . 1 . 2 . . . . . . . . . 1 . generate_echo 1 | . . . . . . . . . . . 1 . . . . . . . . . find_chute 3 | . . . . . . . 2 . . 1 . . . . . . . . . . hold_bot 2 | . . . . . . . . . 2 . . . . . . . . . . . ignore_repairs 2 | . . . . . . . . . . . 2 . . . . . . . . . map_walls 6 | . . . . . . . 2 . 2 1 1 . . . . . . . . . find_fabricator 1 | . . . . . . . . . 1 . . . . . . . . . . . drop_inventory 2 | . . . . . . . . . . . 1 . . 1 . . . . . . recall_reinforcements 1 | . . . . . . . . . 1 . . . . . . . . . . . find_recycling 8 | . . . . . 3 . 1 . 2 1 . . . . . . . . 1 . ignore_parts 1 | . . . . . . . . . 1 . . . . . . . . . . . find_station 1 | . . . . . . . . . . . . . . . 1 . . . . . purge_threat 1 | . . . . . . . . . . . . . . 1 . . . . . . mark_security 1 | . . . . . . . . . . . 1 . . . . . . . . . link_fov 1 | . . . . . . . . . . . 1 . . . . . . . . . scatter_targeting 1 | . . . . . . . . . . . . . . . . . 1 . . . link_complan 1 | . . . . . . . . . . . . . . . . . 1 . . . overload_power 2 | . . . . . . . . . 1 . . . . . . . 1 . . . amplify_resonance 5 | . . . . . . . . . 2 2 . . . 1 . . . . . . wipe_record 4 | . . . . . . . . . . . . . . . . 2 1 . 1 . disable_weapons 2 | . . . . . . . . 2 . . . . . . . . . . . . reboot_system 3 | . . . . . . . . . 1 . . . . . 2 . . . . . overwrite_iff 4 | . . . . . . . . . 1 . . . . . . . . 1 2 . streamctrl_high 1 | . . . . . . . . . . . . . . . . . . . 1 . formatsys_low 1 | . . . . . . . . . 1 . . . . . . . . . . . formatsys_high 3 | . . . . . . . . 1 1 . . . . 1 . . . . . . Relay Couplers Released 21 | . . . . 7 . . . . 3 2 . . . 4 1 2 . . 2 . Machine Destruction 18 | . . . . 4 . . . . 3 2 . . . 4 1 2 . . 2 . Programmers 3 | . . . . 3 . . . . . . . . . . . . . . . . Attached 15 | . . . . . . . 1 1 4 1 . . . 2 1 . 3 . 2 . Fabnet Peak Effective % . | . . . . . . . . . . . . . . . . . . . . . Robots Rewired 11 | . . . . . . . 2 . . . 3 . . . . . 6 . . . Allies Hacked 2 | . . . . . . . . . . . . . . . . . 1 . 1 . Hacks Repelled . | . . . . . . . . . . . . . . . . . . . . . Allies | -11 -10 -9 -9 -9 -9 -9 -6 -6 -6 -5 -5 -5 -5 -5 -4 -3 -3 -2 -1 -1 -------- Run | Yrd Mat Mat Sto Gar Rec Scr Fac Gar Fac Fac Ext Cet Arc Hub Fac Res Arm Res Acc Com Total Allies 43 | . . . 9 . . . 2 1 4 . 11 5 . 1 . . 6 1 3 . Largest Group 9 | . . . 9 . . . 2 3 2 . 6 7 4 3 1 . 4 1 1 . Highest-Rated Group 664 | . . . 80 . . . 58 87 41 . 190 664 430 283 49 . 272 64 64 . Highest-Rated Ally 159 | . . . 16 . . . 29 29 41 . 159 159 147 96 49 . 68 64 64 . Total Orders 21 | . . . . . . . . . 1 . 6 . . 2 . 4 8 . . . STAY 5 | . . . . . . . . . 1 . 3 . . 1 . . . . . . FOLLOW 1 | . . . . . . . . . . . . . . 1 . . . . . . GUARD 3 | . . . . . . . . . . . 3 . . . . . . . . . EXPLORE 7 | . . . . . . . . . . . . . . . . 2 5 . . . RETURN 5 | . . . . . . . . . . . . . . . . 2 3 . . . Ally Attacks 359 | . . . 97 . . . . 16 4 . 66 47 13 74 12 . 18 3 9 . Total Damage 9502 | . . . 928 . . . . 228 249 . 1425 1653 507 2729 343 . 1168 166 106 . Kills 62 | . . . 14 . . . . 1 . . 13 6 3 19 . . 5 1 . . Allies Corrupted 3 | . . . . . . . . . . . . . . . . . 2 . 1 . Allies Melted . | . . . . . . . . . . . . . . . . . . . . . Intel | -11 -10 -9 -9 -9 -9 -9 -6 -6 -6 -5 -5 -5 -5 -5 -4 -3 -3 -2 -1 -1 ------- Run | Yrd Mat Mat Sto Gar Rec Scr Fac Gar Fac Fac Ext Cet Arc Hub Fac Res Arm Res Acc Com Active Infowar (turns) 16555 | 19 451 194 432 4 99 481 426 676 3037 972 1067 103 119 1034 1683 1022 1586 484 2266 400 Sensors 8187 | . . . . . . . 157 2 2702 972 888 103 119 561 1198 619 865 . 1 . Terrain 1053 | . . . . . . . . . . . . . . . . 223 240 . 576 14 Structural 1063 | . . 16 34 4 99 481 426 3 . . . . . . . . . . . . Traps 1463 | . . . . . . . . . . . . . . . 960 503 . . . . Seismic 3251 | 19 451 178 398 . . . . . . . . . . . . . . 439 1377 389 Jamming 8960 | . . . . . . . . 673 1605 . 179 . . 811 1678 862 1429 45 1363 315 Robot Analysis Total 6 | . 1 2 . . 2 . . . . . 1 . . . . . . . . . Derelict Logs Recovered . | . . . . . . . . . . . . . . . . . . . . . Drone Launches 6 | . . . . . . . . . . . . . . . . 2 4 . . . Drone Recoveries 5 | . . . . . . . . . . . . . . . . 2 3 . . . Exploration | -11 -10 -9 -9 -9 -9 -9 -6 -6 -6 -5 -5 -5 -5 -5 -4 -3 -3 -2 -1 -1 ------------- Run | Yrd Mat Mat Sto Gar Rec Scr Fac Gar Fac Fac Ext Cet Arc Hub Fac Res Arm Res Acc Com Turns Passed 25869 | 143 451 482 816 462 827 1486 426 684 4387 1285 2124 808 222 1290 1683 1034 2972 870 2644 773 Spaces Moved 12817 | 69 312 224 381 182 564 1091 336 400 2309 626 937 458 114 603 727 376 962 287 964 895 Core 24 | 8 . . 1 . . . . . . . . . . . . . . . . 15 Treads 4406 | . 5 20 9 90 . . . . . . 1 41 114 603 727 376 962 287 964 207 Legs 80 | 61 19 . . . . . . . . . . . . . . . . . . . Wheels 7637 | . 288 204 371 92 564 1091 336 400 2309 626 936 417 . . . . . . . 3 Hover . | . . . . . . . . . . . . . . . . . . . . . Flight 670 | . . . . . . . . . . . . . . . . . . . . 670 Fastest Speed 20 | 50 100 120 120 135 135 135 95 110 110 160 135 145 160 160 160 160 160 213 156 20 Average Speed 151 | 127 116 128 131 184 135 135 111 111 145 160 166 161 171 162 171 214 197 226 192 53 Slowest Speed 700 | 190 240 160 700 240 135 135 135 115 250 175 560 320 240 240 240 240 570 240 270 250 Overloaded Moves . | . . . . . . . . . . . . . . . . . . . . . Propulsion Burnouts . | . . . . . . . . . . . . . . . . . . . . . Robots Hopped 7 | . . . . . . . . . . . . . . . . . . . . 7 Potential Cave-ins 2 | . . . . . . . . . . . . . . . . . . . . 2 Cave-ins Triggered 1 | . . . . . . . . . . . 1 . . . . . . . . . Exploration Rate (%) 42 | 5 42 25 48 31 96 58 6 43 53 15 82 94 86 56 15 21 36 10 33 33 Regions Visited 20 Branch Regions 9 Pre-discovered Areas 9 | . 1 . . . 8 . . . . . . . . . . . . . . . Known Exits Taken 11 | . . 1 1 . . . 1 . 1 1 1 1 1 1 1 1 . . . . Unknown Exits Taken 7 | 1 1 . . . 1 1 . . . . . . . . . . 1 1 1 . Scrap Searched 6 | . . . . . . 6 . . . . . . . . . . . . . . Spaces Dug 32 | . . . . . . . . . 6 1 7 . . 4 . . 5 . 8 1 Terrain Destroyed 753 | . . . 4 2 . . . . 94 59 135 2 1 22 25 5 116 56 136 96 Melee 3 | . . . . . . . . . 2 . 1 . . . . . . . . . Projectile 301 | . . . 4 . . . . . 20 8 43 2 1 22 25 5 55 28 81 7 AOE 446 | . . . . 2 . . . . 72 51 91 . . . . . 58 28 55 89 Terrain Rammed . | . . . . . . . . . . . . . . . . . . . . . Walls Destroyed . | . . . . . . . . . . . . . . . . . . . . . Machines Disabled . | . . . . . . . . . . . . . . . . . . . . . Actions | -11 -10 -9 -9 -9 -9 -9 -6 -6 -6 -5 -5 -5 -5 -5 -4 -3 -3 -2 -1 -1 --------- Run | Yrd Mat Mat Sto Gar Rec Scr Fac Gar Fac Fac Ext Cet Arc Hub Fac Res Arm Res Acc Com Total 17338 | 94 370 360 620 257 612 1113 380 548 3069 854 1321 509 130 800 1060 518 1646 442 1544 1091 Wait 1976 | . 22 60 169 23 22 . 3 52 306 159 178 2 3 57 220 53 216 82 274 75 Move 12782 | 68 311 223 381 180 563 1090 335 398 2308 625 936 457 113 602 726 375 961 286 963 881 Hop 7 | . . . . . . . . . . . . . . . . . . . . 7 Pick Up 283 | 6 12 13 7 5 2 9 6 4 57 8 9 9 1 16 12 7 57 2 28 13 Fast Attach 140 | 7 2 2 2 . 1 . 3 6 28 1 6 7 . 6 8 4 32 2 19 4 Attach 119 | . 1 4 1 4 . . 4 2 21 4 6 3 . 4 5 4 18 1 16 21 Detach 30 | . . 2 . . . . 1 . 4 1 1 1 . 1 1 2 9 . 4 3 Swap 401 | . 5 8 15 3 8 3 . 9 98 22 33 5 7 31 20 23 48 17 33 13 Drop 270 | . 3 16 6 2 3 10 3 2 64 6 5 15 2 19 13 13 45 3 30 10 Fire 967 | 13 14 31 15 32 1 . 2 41 113 28 94 10 4 52 44 36 198 47 149 43 Melee 106 | . . . 24 . 12 1 10 6 49 . 1 . . . . . . . . 3 Ram 1 | . . . . . . . . . . . . . . . . . . . . 1 Kick . | . . . . . . . . . . . . . . . . . . . . . Crush 14 | . . 1 . . . . . . . . . . . 10 1 1 . . 1 . Escape Stasis 73 | . . . . 8 . . . 27 . . 32 . . . . . 4 2 . . Rewire 81 | . . . . . . . 13 1 . . 8 . . . . . 58 . 1 . Trap 21 | . . . . . . . . . 21 . . . . . . . . . . . Miscellaneous 67 | . . . . . . . . . . . 12 . . 2 10 . . . 26 17 Route ------- -11/Scrapyard -10/Materials (discovered 3 exits: *Mat / [*Min] / [*Sub]) -9/Materials (discovered 3 exits: *Min x2 / *Sto) -9/Storage (discovered 2 exits: [*Mat] / Gar) -9/Garrison -9/Recycling (discovered 2 exits: [*Fac] / *Scr) -9/Scraptown -6/Factory -6/Garrison (discovered 2 exits: *Fac x2) -6/Factory (discovered 3 exits: *Fac / Low x2) -5/Factory -5/Extension (discovered 2 exits: *Fac / *Cet) -5/Cetus (discovered 3 exits: *Fac x2 / *Arc) -5/Archives (discovered 3 exits: *Fac / *Hub x2) -5/Hub_04(d) (discovered 2 exits: *Fac x2) -4/Factory (discovered 2 exits: *Res / *Upp) -3/Research (discovered 2 exits: *Arm / *Qua) -3/Armory -2/Research (discovered 2 exits: *Acc / [*Tes]) -1/Access -1/Command History --------- Turn | Location | Event 14 | -11/Scrapyard | Discovered new exit (range 15) 144 | -11/Scrapyard | Entered Materials 286 | -10/Materials | Met 8R-AWN 307 | -10/Materials | Build established: Mutant 309 | -10/Materials | Discovered new exit (range 7) 337 | -10/Materials | Discovered new exit (range 5) 512 | -10/Materials | Discovered new exit (range 8) 595 | -10/Materials | Entered another Materials area 595 | -9/Materials | Evolved 2 slots: Utility x1, Weapon x1 738 | -9/Materials | Destroyed 7 combat bots 812 | -9/Materials | Discovered new exit (range 13) 974 | -9/Materials | Identified exit to Mines 974 | -9/Materials | Identified exit to Storage 1077 | -9/Materials | Entered Storage 1292 | -9/Storage | Repaired Lgt. Armor Plating 1356 | -9/Storage | Repaired Lgt. Treads 1400 | -9/Storage | Repaired Beam Rifle 1539 | -9/Storage | Assisted by bots powering up and referring to "LRC-V3" 1732 | -9/Storage | Lost 3 allies 1757 | -9/Storage | Garrison activated, responded to threat 1859 | -9/Storage | Discovered new exit (range 16) 1877 | -9/Storage | First assault squad dispatched 1893 | -9/Storage | Identified exit to Garrison 1893 | -9/Storage | Entered Garrison 1947 | -9/Garrison | Triggered checkpoint 2264 | -9/Garrison | Core integrity fell below 50% 2278 | -9/Garrison | Garrison Relay disabled 2292 | -9/Garrison | Build established: Gunner 2320 | -9/Garrison | Discovered new exit (range 15) 2335 | -9/Garrison | Installed Relay Interface Framework 2355 | -9/Garrison | Entered Recycling 2669 | -9/Recycling | Build established: Bothacker-Mutant 3098 | -9/Recycling | Discovered new exit (range 9) 3118 | -9/Recycling | Scanned before Scraplab entrance 3169 | -9/Recycling | Entered Scraplab 3179 | -9/Recycling | Discovered new exit (range 3) 3182 | -9/Recycling | Entered Scraptown 3373 | -9/Scraptown | Turned away by UFD registrar 3392 | -9/Scraptown | Visited Supply Room 3419 | -9/Scraptown | Visited Comm Corps 3506 | -9/Scraptown | Visited Red Mages 3567 | -9/Scraptown | Visited Bundlers 3688 | -9/Scraptown | Visited Awakened 3941 | -9/Scraptown | Discovered new exit (range 13) 4105 | -9/Scraptown | Visited Symbiants 4244 | -9/Scraptown | Visited The Evicted 4668 | -9/Scraptown | Entered Factory 4668 | -6/Factory | Evolved 6 slots: Propulsion x1, Utility x5 5054 | -6/Factory | Identified exit to Garrison 5094 | -6/Factory | Entered Garrison 5094 | -6/Garrison | Accompanied by 2 allies 5118 | -6/Garrison | Triggered checkpoint 5307 | -6/Garrison | Lost 3 allies 5388 | -6/Garrison | Triggered checkpoint 5488 | -6/Garrison | Discovered new exit (range 9) 5588 | -6/Garrison | Triggered checkpoint 5610 | -6/Garrison | Triggered checkpoint 5708 | -6/Garrison | Discovered new exit (range 9) 5724 | -6/Garrison | Expanded RIF knowledge: Threat Obfuscation 5776 | -6/Garrison | Identified exit to Factory 5778 | -6/Garrison | Entered Factory 6066 | -6/Factory | Build established: Mutant 7362 | -6/Factory | Discovered new exit (range 12) 7520 | -6/Factory | Repaired Hrd. Heavy Armor Plating? 7551 | -6/Factory | Found Prototype Launcher 7623 | -6/Factory | Lost 4 parts (2n2u) 7762 | -6/Factory | Identified Rocket Array 7857 | -6/Factory | Fabricated A-15 Conveyor (x1) 7861 | -6/Factory | Repaired Mni. Assault Cannon 7920 | -6/Factory | Repaired Hrd. Heavy Armor Plating? 8303 | -6/Factory | Cargo convoy interrupted 8471 | -6/Factory | Found PL-3XN's Ring of Power 9767 | -6/Factory | Identified exit to Lower Caves 9898 | -6/Factory | Found Rocket Array 10077 | -6/Factory | Core integrity fell below 50% 10105 | -6/Factory | Identified exit to Factory 10123 | -6/Factory | System corruption reached 10% 10165 | -6/Factory | Entered another Factory area 10165 | -5/Factory | Evolved 2 slots: Propulsion x1, Utility x1 10421 | -5/Factory | Build established: Scavenger-Tank 11371 | -5/Factory | Discovered new exit (range 16) 11448 | -5/Factory | Identified exit to Extension 11450 | -5/Factory | Entered Extension 11733 | -5/Extension | Crushed by falling debris 11779 | -5/Extension | Rescued a captive Derelict 11853 | -5/Extension | Rescued a captive Derelict 11898 | -5/Extension | Rescued a captive Derelict 11898 | -5/Extension | Rescued a captive Derelict 11946 | -5/Extension | Rescued a captive Derelict 11988 | -5/Extension | Rescued a captive Derelict 12136 | -5/Extension | Lost 5 allies 12959 | -5/Extension | Spotted B-75 Beast 12980 | -5/Extension | Allies destroyed B-75 Beast 12984 | -5/Extension | Spotted B-75 Beast 13020 | -5/Extension | Lost 3 allies 13028 | -5/Extension | Destroyed B-75 Beast 13075 | -5/Extension | Disrupted transfer network 13205 | -5/Extension | Rescued A7 13428 | -5/Extension | Rescued a captive Derelict 13541 | -5/Extension | Discovered new exit (range 10) 13543 | -5/Extension | Discovered new exit (range 6) 13551 | -5/Extension | Identified exit to Cetus 13558 | -5/Extension | Identified exit to Factory 13574 | -5/Extension | Entered Cetus 13574 | -5/Cetus | Accompanied by 2 allies (A7) 13579 | -5/Cetus | Acquired a Cetus Manufacturing Module code from A7 13594 | -5/Cetus | Spotted Cetus Guard 13594 | -5/Cetus | Spotted Cetus Guard 13597 | -5/Cetus | Spotted Cetus Guard 13597 | -5/Cetus | Spotted Cetus Guard 13600 | -5/Cetus | Allies destroyed Cetus Guard 13603 | -5/Cetus | Destroyed Cetus Guard 13612 | -5/Cetus | Allies destroyed Cetus Guard 13613 | -5/Cetus | Allies destroyed Cetus Guard 13723 | -5/Cetus | Started Cetus Manufacturing Module 13748 | -5/Cetus | Manufactured an Enhanced Grunt 13773 | -5/Cetus | Manufactured an Enhanced Grunt 13798 | -5/Cetus | Manufactured an Enhanced Grunt 13799 | -5/Cetus | Escorted A7 to Cetus Mainframe 13823 | -5/Cetus | Manufactured an Enhanced Grunt 13848 | -5/Cetus | Manufactured an Enhanced Grunt 14023 | -5/Cetus | Discovered exit to Factory (range 15) 14157 | -5/Cetus | Discovered new exit (range 16) 14179 | -5/Cetus | Identified exit to Archives 14214 | -5/Cetus | Spotted Cetus Guard 14214 | -5/Cetus | Spotted Cetus Guard 14218 | -5/Cetus | Spotted Cetus Guard 14218 | -5/Cetus | Spotted Cetus Guard 14222 | -5/Cetus | Allies destroyed Cetus Guard 14226 | -5/Cetus | Destroyed Cetus Guard 14235 | -5/Cetus | Destroyed Cetus Guard 14241 | -5/Cetus | Allies destroyed Cetus Guard 14248 | -5/Cetus | Discovered exit to Factory (range 16) 14259 | -5/Cetus | Lost 3 allies 14259 | -5/Cetus | Met Revision 17 14320 | -5/Cetus | System corruption reached 10% 14324 | -5/Cetus | Security sweep announced 14382 | -5/Cetus | Entered Archives 14382 | -5/Archives | Accompanied by 4 allies (A7) 14387 | -5/Archives | Received a hacking code to weaken MAIN.C 14464 | -5/Archives | Unable to access archive contents 14498 | -5/Archives | Unable to access archive contents 14504 | -5/Archives | Discovered exit to Factory (range 16) 14514 | -5/Archives | Unable to access archive contents 14530 | -5/Archives | Discovered new exit (range 14) 14549 | -5/Archives | Identified exit to Hub_04(d) 14578 | -5/Archives | Discovered exit to Hub_04(d) (range 16) 14604 | -5/Archives | Entered Hub_04(d) 14604 | -5/Hub_04(d) | Accompanied by 3 allies 14675 | -5/Hub_04(d) | Discovered exit to Factory (range 15) 15783 | -5/Hub_04(d) | Discovered exit to Factory (range 10) 15833 | -5/Hub_04(d) | Network Hub disabled 15894 | -5/Hub_04(d) | Entered Factory 15894 | -4/Factory | Accompanied by 1 ally 15894 | -4/Factory | Evolved 2 slots: Utility x2 16399 | -4/Factory | Discovered new exit (range 15) 16498 | -4/Factory | Identified exit to Upper Caves 17041 | -4/Factory | Repaired Cld. Plasma Cannon 17413 | -4/Factory | Discovered new exit (range 12) 17461 | -4/Factory | Identified exit to Research 17577 | -4/Factory | Entered Research 17577 | -3/Research | Evolved 2 slots: Propulsion x1, Weapon x1 17675 | -3/Research | Build established: Scavenger-Gunner 17777 | -3/Research | Revision forces began assault on 0b10 17797 | -3/Research | Met up with Revision 17++ 17997 | -3/Research | Build established: Scavenger-Tank 18051 | -3/Research | Discovered new exit (range 15) 18086 | -3/Research | Identified exit to Quarantine 18277 | -3/Research | Research terminal network offline 18471 | -3/Research | Discovered new exit (range 24) 18610 | -3/Research | Identified exit to Armory 18611 | -3/Research | Entered Armory 19099 | -3/Armory | System corruption reached 10% 19213 | -3/Armory | Lost 6 parts (1n3u2w) 19579 | -3/Armory | P-80 Master assimilated allied Archangel 8a 19901 | -3/Armory | System corruption reached 30% 19934 | -3/Armory | Lost 7 parts (2n3u2w) 20136 | -3/Armory | Found Fusion Bomb Launcher 20138 | -3/Armory | Found Fusion Bomb Launcher 20310 | -3/Armory | Spotted B-86 Titan 20351 | -3/Armory | Destroyed B-86 Titan 20382 | -3/Armory | Found Hvy. Reflective Plating 20444 | -3/Armory | Spotted Armor Guard 20444 | -3/Armory | Spotted Armor Guard 20462 | -3/Armory | Destroyed Armor Guard 20469 | -3/Armory | Destroyed Armor Guard 20478 | -3/Armory | Found Superdense Plating 20492 | -3/Armory | Found Exp. Weapon Cycler 20522 | -3/Armory | Found Superdense Plating 20542 | -3/Armory | Spotted Armor Guard 20542 | -3/Armory | Spotted Armor Guard 20866 | -3/Armory | Core integrity fell below 50% 20870 | -3/Armory | Destroyed Armor Guard 20951 | -3/Armory | Found Superdense Plating 21187 | -3/Armory | Found Exp. Weapon Cycler 21234 | -3/Armory | Found Exp. Weapon Cycler 21327 | -3/Armory | Found Disassembled Obliterator 21345 | -3/Armory | Found PL-3XN's Ring of Power 21576 | -3/Armory | Discovered new exit (range 3) 21583 | -3/Armory | Entered Research 21583 | -2/Research | Evolved 2 slots: Propulsion x1, Utility x1 22155 | -2/Research | Discovered new exit (range 8) 22179 | -2/Research | Discovered new exit (range 15) 22453 | -2/Research | Entered Access 22453 | -1/Access | Evolved 2 slots: Utility x2 23169 | -1/Access | Spotted B-99 Colossus 23188 | -1/Access | Destroyed B-99 Colossus 23367 | -1/Access | Garrison activated, responded to threat 23535 | -1/Access | System corruption reached 10% 24453 | -1/Access | First assault squad dispatched 24627 | -1/Access | Lost 3 parts (1p2u) 25063 | -1/Access | Discovered new exit (range 7) 25097 | -1/Access | Entered Command 25220 | -1/Command | Build established: Scavenger-Gunner 25347 | -1/Command | First assault squad dispatched 25377 | -1/Command | Spotted B-99 Colossus 25428 | -1/Command | Destroyed B-99 Colossus 25449 | -1/Command | System corruption reached 30% 25481 | -1/Command | Lost 13 parts (3n7u3w) 25549 | -1/Command | Lost 4 parts (3u1w) 25678 | -1/Command | Core integrity fell below 50% 25700 | -1/Command | Lost 15 parts (2p5n3u5w) 25843 | -1/Command | Spotted Executioner 25843 | -1/Command | Spotted Executioner 25843 | -1/Command | Spotted Striker 25843 | -1/Command | Spotted Alpha 7 25843 | -1/Command | Spotted Executioner 25843 | -1/Command | Spotted Executioner 25843 | -1/Command | Spotted Striker 25843 | -1/Command | Spotted Alpha 7 25859 | -1/Command | Spotted M Guard 25859 | -1/Command | Spotted M Guard 25859 | -1/Command | Spotted Combat Programmer 25859 | -1/Command | Spotted Combat Programmer 25861 | -1/Command | Core integrity fell below 20% 25870 | -1/Command | Destroyed by Combat Programmer with EMDS Last Messages --------------- 25844_ Slug penetrates Wall. 25847_ ALERT: Unidentified disturbance in Zone 7X, assault force dispatched. 25848_ Acquired 56 matter. 25848_ R-10 Processor collects Lgt. Ion Engine. 25853_ Adv. Coolant Injector destroyed. 25853_ Acquired 46 matter. 25853_ Imp. Plasma Cutter destroyed. 25859_ System corrupted: Energy discharge (-27). 25860_ Penetrated by EMDS Slug. 25862_ System corrupted: Slammed into wall. 25862_ Penetrated by EMDS Slug. 25862_ Backup Plating VII destroyed. 25862_ Knocked back. 25864_ EMDS Slug penetrates Wall. 25867_ Penetrated by EMDS Slug. 25868_ EMDS Slug penetrates Wall. 25870_ Penetrated by EMDS Slug. [Achievement: Tester] [Achievement: Torch] Map ----- +----------------------------------------------------+ | ??????????????????????????????????????????????# | | ????????????????????????????????????????????###### | | ????????????????????????????????????????????# ? | | ????????????????????????????????????????????# = | | ????????????????????????????????????????????# | | ????????????????????????????????????????????# | | ????????????????????????????????????????????# ? | | ????????????????????????????????????????????# ??? | | ????????????????????????????????????????????#????? | | ?????????????????????????????????????????????????? | | ????????????????????????#####????????????????????? | | ????????????????????????# #????????????????????? | | ????????????????????????# #????????????????????? | | ????????????????????????# #????????????????????? | | ????????????????????????# #????????????????????? | | ????????????????????????# #????????????????????? | | ????????????????????????# #????????????????????? | | ????????????????????????# #????????????????????? | | ????????????????????????# #????????????????????? | | ????????????????????????# #????????????????????? | | ????????????????????????# #????????????????????? | | ????????????????????????# #????????????????????? | | ????????????????????????# #????????????????????? | | ????????????????????????# #????????????????????? | | ????????????????????????# #????????????????????? | | ????????????????????????#@ #????????????????????? | | ????????????????????????# #????????????????????? | | ????????????????????????# #????????????????????? | | ????????????????????????# #????????????????????? | | ??????????????????????### #????????????????????? | | ??????????????????????# #????????????????????? | | ??????????????????????# ##?###########?#####??? | | ??????????????????????# ### # #?# #??? | | ?????????????????#+++## pWp## ### #### | | ?????????????????# / | | ?????????????????# / | | ?????????????????# / | | ?????????????????# / | | ?????????????????# / | | ?????????????????# ### ## ### #### | | ?????????????????#####??# ## % #?# #??? | | ????????????????????????####### ###?#####??? | | ??????????????????????????????## ###??????????? | | ???????????????????????????????######????????????? | | ?????????????????????????????????????????????????? | | ?????????????????????????????????????????????????? | | ?????????????????????????????????????????????????? | | ?????????????????????????????????????????????????? | | ?????????????????????????????????????????????????? | | ?????????????????????????????????????????????????? | +----------------------------------------------------+ Best States ------------- Heat Dissipation 142 Coolant Potential 100 Energy Generation 29 Energy Capacity 775 Matter Stores 300 Matter Capacity 300 Sight Range 16 Robot Scan Range 18 Terrain Scan Range 16 Terrain Scan Density 10 Jamming Range 14 Additional Mass Support 6 Base Temperature (-) 200 Armor Coverage 3200 Resistance: KI 30 Resistance: TH 30 Core Shielding 30 Propulsion Shielding 66 Weapon Cycling 30 Evasion (%) 66 Targeting Accuracy 16 Target Analysis 12 Recoil Reduction 6 Particle Charging 37 Salvage Targeting 3 Offensive Hacking 12 Defensive Hacking 10 Relay Coupler Types 3 Relay Coupler Value 41 Item Schematics ----------------- Rocket Launcher | -9/Recycling | Hacked Huge Storage Unit | -6/Factory | Scanalyzed Robot Schematics ------------------ None Fabricated ------------ A-15 Conveyor | x1 | -6/Factory | Preloaded Repaired ---------- Lgt. Armor Plating | 66% | -9/Storage Lgt. Treads | 47% | -9/Storage Beam Rifle | 26% | -9/Storage Hrd. Heavy Armor Plating | 20% | -6/Factory Mni. Assault Cannon | 40% | -6/Factory Hrd. Heavy Armor Plating | 69% | -6/Factory Cld. Plasma Cannon | 1% | -4/Factory Studied --------- Wheel | -6/Factory | Hacked Remote Datajack | -6/Factory | Hacked Imp. Heavy Treads | -2/Research | Hacked Enh. Nova Cannon | -1/Access | Hacked Imp. Heavy Siege Treads | -1/Access | Hacked Alien Tech Used ----------------- None Achievements -------------- All Kinds Of Bad News Analysis Probe Bumper Bots Construction Begets Destruction DIY Cooler Error 47 Ew, Corruption Factory Defaults Follow The Leader Hack The Planet Hehehe Hot Stuff Hydra Immobile And Lovin' It Jackpot Main Advantage Mindtrick Not Today, Chutes Prison Break Project G-00 Revising The Future Revolutionary Research Satisfying Tank Life Tester Torch Tune-up Versatile Well Done You Will Be Upgraded Challenges ------------ None Game ------ Seed LauncherPersonalDetector Manual? 0 Play Time 10:23:13 Cumulative 129.1 hours Start 2025.12.22 @ 11:02:16 End 2025.12.30 @ 23:34:26 Sessions 37 Manual Loads 0 Difficulty Rogue Special Mode None Game No. 53 Rogue 53 Adventurer 0 Explorer 0 Win Type - Total 5 Types 5/0/0/0/0/0/0/0/0/0 Lore% 54 Gallery% 50 Achievement% 38 Wizard Run 0 Options --------- Layout 0 ASCII 0 Keyboard 0 Movement Arrows Keybinds 0 Fullscreen 2 Font 18/Terminus Map View 76x50 Zoom Use 0% Tactical HUD 1 Map Filters NONE Filters NONE Steam 1 RUN: 0b2f792d-1bc3-4286-9c79-650aed7f9849